 Dungeon Crawl Stone Soup version 0.25.1-2-g60ff931df9 (webtiles) character file.

Game seed: 4230527207714452559

231 DerDa the Magician (level 5, -1/35 HPs)
             Began as a Mummy Ice Elementalist on Aug 20, 2020.
             Killed from afar by Sigmund (10 damage)
             ... with a magic dart
             ... on level 3 of the Dungeon.
             The game lasted 00:11:21 (4058 turns).

DerDa the Magician (Mummy Ice Elementalist)         Turns: 4058, Time: 00:11:21

Health: -1/35      AC:  3    Str: 17    XL:     5   Next: 73%
Magic:  12/12      EV: 12    Int: 16    God:
Gold:   137        SH:  0    Dex: 12    Spells: 3/14 levels left

rFire    x . .     SeeInvis .   q - +1 flail (protect)
rCold    + . .     Gourm    .   (no shield)
rNeg     + + +     Faith    .   a - +0 robe
rPois    ∞         Spirit   .   (no helmet)
rElec    .         Reflect  .   r - +0 cloak
rCorr    .         Harm     .   (no gloves)
MR       .....                  (no boots)
Stlth    ++........             (no amulet)
HPRegen  0.11/turn              l - +6 ring of strength
MPRegen  0.13/turn              (no ring)

@: no status effects
A: no food or potions, fire vulnerability, cold resistance 1, negative energy
resistance 3, torment resistance, unbreathing
a: no special abilities


You were on level 3 of the Dungeon.
You were not hungry.

You visited 1 branch of the dungeon, and saw 3 of its levels.

You collected 137 gold pieces.

Inventory:

Hand Weapons
 f - a +0 club
 i - a +0 short sword
 p - a +0 hunting sling
 q - a +1 flail of protection (weapon)
Missiles
 d - 111 stones
 j - 17 poisoned darts (quivered)
 k - 42 sling bullets
Armour
 a - a +0 robe (worn)
 h - a cursed +0 buckler
 r - a +0 cloak (worn)
Jewellery
 l - a +6 ring of strength (left hand)
Scrolls
 b - a scroll of immolation {unknown}
 c - 6 scrolls of identify {unknown}
 e - a scroll of blinking {unknown}
 g - a scroll of remove curse {unknown}
 m - a scroll of teleportation {unknown}
 n - a scroll of fog {unknown}
 o - a scroll of amnesia {unknown}


   Skills:
 - Level 1.5 Dodging
 - Level 1.5 Stealth
 + Level 0.5 Shields
 * Level 5.3 Spellcasting
 + Level 1.0 Conjurations
 * Level 4.6 Ice Magic


You had 3 spell levels left.
You knew the following spells:

 Your Spells              Type           Power        Failure   Level  Hunger
a - Freeze                Ice            ###.         2%          1    N/A
b - Frozen Ramparts       Ice            ###...       7%          3    N/A
c - Ozocubu's Armour      Chrm/Ice       ##......     17%         3    N/A
d - Hailstorm             Conj/Ice       ##......     43%         4    N/A

Your spell library contained the following spells:

 Spells                   Type           Power        Failure   Level  Hunger
 Poisonous Vapours        Pois/Air       #.....       22%         2    N/A
 Conjure Flame            Conj/Fire      #.......     36%         3    N/A
 Mephitic Cloud           Conj/Pois/Air  #.......     36%         3    N/A
 Summon Ice Beast         Ice/Summ       ##......     50%         4    N/A
 Freezing Cloud           Conj/Ice/Air   ##........   100%        6    N/A
 Ring of Flames           Chrm/Fire      #.........   100%        7    N/A

Dungeon Overview and Level Annotations

Branches:
Dungeon (3/15)

Altars:
Ashenzari
Dithmenos
Fedhas
Hepliaklqana
Trog
Uskayaw

Annotations:
D:3 Sigmund


Innate Abilities, Weirdness & Mutations

You do not eat or drink.
Your flesh is vulnerable to fire.
You are immune to poison.
Your flesh is cold resistant. (rC+)
You are immune to negative energy. (rN+++)
You are immune to unholy pain and torment.
You can survive without breathing.


Message History

You don't know that spell.
Casting: Frozen Ramparts (dangerous; 7% risk of failure)
Confirm with . or Enter, or press ? or * to list all spells.
The walls around you are covered in ice.
The frozen ramparts melt away.
Casting: Frozen Ramparts (dangerous; 7% risk of failure)
Confirm with . or Enter, or press ? or * to list all spells.
The walls around you are covered in ice.
Sigmund casts a spell at you. The puff of flame hits you!
The fire burns you terribly!
* * * LOW HITPOINT WARNING * * *
The frozen ramparts melt away.
Things that are here:
6 boomerangs; a cursed +0 club
There is an escape hatch in the floor here.
Sigmund points at you and mumbles some strange words.
You resist with some effort. Sigmund gestures at you while chanting.
The magic dart hits you!
You die...

### ############# ##.##
#...........#
###.#.#######.#########.#
###..###..............#
#.#####
###)..#.#.#############.#
#......
#...#.##..@......# #.#
#######
#...#.....######@#
#.######### #.#####..#.#
#<# #.##.!.....
#...#.....## #.#
#.##.###### ....#.##.##
#.# #.##.# # ###...##.#
#.# #.##.# # ######.# #.#
#.##.# # ###.#######.#
##.##[# # ###...........#
#..##.######
#...^.######..#
#.##......##


You could see Sigmund.

Vanquished Creatures
  An orc priest (D:3)
  2 orc wizards (D:3)
  5 adders
  An ooze (D:1)
  An adder skeleton (D:2)
  3 worms
  A dart slug (D:1)
  3 leopard geckos
  9 orcs (D:3)
  12 goblins
  10 hobgoblins
  3 jackals (D:3)
  A quokka (D:3)
  7 bats
  5 frilled lizards
  10 kobolds
  3 rats
77 creatures vanquished.

Notes
Turn   | Place    | Note
-------+----------+-------------------------------------------
     0 | D:1      | DerDa the Mummy Ice Elementalist began the quest for the
                  | Orb.
     0 | D:1      | Reached XP level 1. HP: 13/13 MP: 4/4
   144 | D:1      | Reached skill level 3 in Spellcasting
   440 | D:1      | Reached XP level 2. HP: 15/19 MP: 1/6
  1467 | D:1      | Reached XP level 3. HP: 11/24 MP: 2/8
  1818 | D:2      | Found a shattered altar of Ashenzari.
  1842 | D:2      | Found a shadowy altar of Dithmenos.
  1959 | D:2      | Reached skill level 4 in Spellcasting
  1964 | D:2      | Learned a level 3 spell: Frozen Ramparts
  1968 | D:2      | Learned a level 3 spell: Ozocubu's Armour
  2174 | D:2      | Found a bloodstained altar of Trog.
  2188 | D:2      | Reached XP level 4. HP: 25/30 MP: 6/10
  2716 | D:2      | Found a blossoming altar of Fedhas.
  2828 | D:3      | Learned a level 4 spell: Hailstorm
  2990 | D:3      | Found a hazy altar of Hepliaklqana.
  2990 | D:3      | Found a hide-covered altar of Uskayaw.
  3059 | D:3      | Reached XP level 5. HP: 28/35 MP: 0/12
  3440 | D:3      | Reached skill level 5 in Spellcasting
  3647 | D:3      | Reached skill level 1 in Conjurations
  3958 | D:3      | Noticed Sigmund
  4058 | D:3      | Killed from afar by Sigmund

Illustrated notes

Levels and vault maps discovered:
D:1:      heliophobic_arrival_dark_side_of_the_moon, layout_basic
D:2:      layout_basic, lemuel_round_altar, nicolae_ashenzari_panopticon,
          grunt_dithmenos_smoke_and_mirrors, lemuel_statue_altar
D:3:      layout_loops_ring, gammafunk_temple_overflow_wave,
          uniq_crazy_yiuf_cottage, uniq_sigmund

Skill      XL: |  1  2  3  4  5 |
---------------+----------------+-----
Spellcasting   | 3 4 5 |  5.3
Ice Magic      | 4 |  4.6
Conjurations   | 1 |  1.0
Dodging        | |  1.5
Stealth        | |  1.5
Shields        | |  0.5

Action                   |  1- 3 |  4- 6 || total
-------------------------+-------+-------++-------
Melee: Unarmed           |     8 |       ||     8
       Short sword       |     6 |    13 ||    19
       Club              |     1 |       ||     1
       Flail             |       |     4 ||     4
 Cast: Freeze            |    70 |    67 ||   137
       Ozocubu's Armour  |       |     1 ||     1
       Frozen Ramparts   |       |     3 ||     3
Armor: Robe              |     8 |     8 ||    16
Dodge: Dodged            |    47 |    47 ||    94
